AoeStats
← Vinago

Fortress

509796458Analyzed
4v4 RM · 6d ago on Sep 28, 2026· 49m 36s· 8 players
Game mode
Random Map
Map size
Huge
Population
200
Speed
Normal
Resources
Standard
Victory
Conquest
Starting age
Dark Age
Ending age
Imperial Age
RankedLock teamsTeams togetherTeam positionsShared explorationLock speedFull tech treeHidden civsTurbo modeCheats
Victory
Defeat
🇨🇳 Persians · China
1188
+17
🇨🇦 Danes · Canada
1180
+17
🇹🇼 Magyars · Taiwan
1174
+17
🇨🇦 Saxons · Canada
1157
+18
🇦🇷 Khmer · Argentina
1246
-20
🇭🇰 Bengalis · Hong Kong SAR China
1246
-19
🇦🇷 Persians · Argentina
1181
-16
🇨🇳 Turks · China
1133
-14
Ryan7926
8:19 Feudal Age
9:37 Double-Bit Axe
9:36 Horse Collar
12:07 Castle Age
12:40 Loom
13:16 Bow Saw
16:57 Scale Mail Armor
21:28 Heavy Plow
22:05 Redemption
22:51 Fletching
24:11 Stone Mining
25:26 Fervor
26:45 Bodkin Arrow
28:45 Wheelbarrow
28:33 Ballistics
28:24 Masonry
28:45 Town Watch
30:09 Hand Cart
29:59 Gold Mining
35:21 Imperial Age
32:53 Town Patrol
33:37 Chain Mail Armor
33:40 Forging
34:43 Squires
34:29 Gambesons
34:31 Arson
36:08 Iron Casting
35:23 Onager
37:35 Chemistry
38:06 Plate Mail Armor
37:32 Siege Onager
40:10 Siege Engineers
40:36 Bracer
41:37 Blast Furnace
41:01 Elite Varangian Guard
41:14 Capped Ram
44:40 Conscription
47:47 Hamask
50:14 Gold Shaft Mining
49:40 Guard Tower
49:36 Arrowslits
49:47 Murder Holes
韓國魚
8:13 Feudal Age
10:05 Double-Bit Axe
10:03 Horse Collar
13:01 Castle Age
13:55 Bow Saw
13:50 Heavy Plow
15:39 Wheelbarrow
18:47 Gold Mining
18:49 Stone Mining
19:06 Corvinian Army
20:13 Loom
21:22 Hand Cart
27:10 Imperial Age
25:32 Gold Shaft Mining
25:30 Scale Barding Armor
25:34 Scale Mail Armor
24:56 Pikeman
25:21 Arson
27:39 Chain Barding Armor
27:35 Chain Mail Armor
28:20 Conscription
27:41 Elite Magyar Huszar
29:53 Plate Barding Armor
31:28 Fletching
31:54 Chain Mail Armor
34:10 Two-Man Saw
33:01 Halberdier
34:16 Town Watch
34:36 Bodkin Arrow
34:41 Padded Archer Armor
35:26 Bracer
36:38 Caravan
37:34 Hoardings
37:00 Recurve Bow
37:20 Leather Archer Armor
38:08 Chemistry
37:28 Ballistics
37:19 Masonry
38:44 Ring Archer Armor
40:06 Murder Holes
39:51 Treadmill Crane
40:06 Heavy Cavalry Archer
41:16 Parthian Tactics
41:43 Crop Rotation
41:39 Bloodlines
41:29 Husbandry
40:50 Light Cavalry
41:19 Elite Skirmisher
42:19 Thumb Ring
46:31 Siege Engineers
GR4Y_BE4RD
7:23 Feudal Age
11:59 Castle Age
9:49 Double-Bit Axe
12:59 Bow Saw
12:37 Horse Collar
18:08 Loom
20:34 Fletching
24:37 Wheelbarrow
24:19 Fortified Wall
24:19 Crossbowman
25:52 Bodkin Arrow
26:30 Padded Archer Armor
27:11 Murder Holes
27:49 Elite Skirmisher
39:49 Gold Mining
43:35 Ballistics
44:39 Thumb Ring
45:49 Pikeman
46:29 Squires
47:07 Hand Cart
chmchmchmchmchm
6:35 Feudal Age
7:08 Loom
7:58 Loom
11:11 Castle Age
8:59 Double-Bit Axe
9:42 Horse Collar
11:59 Bow Saw
14:06 Heavy Plow
21:26 Wheelbarrow
21:37 Gold Mining
21:37 Stone Mining
21:37 Gold Mining
21:37 Stone Mining
23:46 Hand Cart
27:20 Imperial Age
25:18 Scale Barding Armor
25:24 Forging
25:19 Scale Barding Armor
25:24 Forging
26:10 Gold Shaft Mining
26:11 Stone Shaft Mining
26:11 Gold Shaft Mining
25:23 Town Watch
27:17 Husbandry
27:44 Chain Barding Armor
27:59 Iron Casting
27:44 Chain Barding Armor
27:59 Iron Casting
27:44 Chain Barding Armor
27:37 Bloodlines
28:56 Crop Rotation
28:39 Guilds
29:42 Two-Man Saw
29:42 Fletching
30:43 Conscription
31:00 Plate Barding Armor
31:38 Devotion
31:59 Elite War Elephant
34:56 Blast Furnace
34:44 Citadels
35:09 Hoardings
35:22 Caravan
39:52 Masonry
43:20 Murder Holes
43:55 Architecture
44:26 Chemistry
43:23 Bodkin Arrow
呀哈
8:19 Feudal Age
7:15 Loom
9:23 Double-Bit Axe
9:24 Horse Collar
13:41 Castle Age
15:24 Bow Saw
21:16 Imperial Age
20:58 Town Watch
23:38 Gold Mining
25:46 Ballistics
28:07 Elite Janissary
31:23 Conscription
32:04 Murder Holes
36:40 Padded Archer Armor
38:19 Leather Archer Armor
42:26 Wheelbarrow
44:07 Ring Archer Armor
46:23 Fletching
Vinago
8:15 Feudal Age
11:20 Castle Age
11:32 Gold Mining
12:32 Double-Bit Axe
14:42 Bow Saw
16:48 Fletching
17:01 Padded Archer Armor
21:58 Bloodlines
24:06 Forging
24:08 Light Cavalry
25:43 Scale Barding Armor
31:01 Imperial Age
28:18 Loom
29:48 Wheelbarrow
31:33 Elite Ballista Elephant
32:54 Leather Archer Armor
33:02 Chain Barding Armor
39:20 Plate Barding Armor
39:25 Iron Casting
45:01 Town Watch
放羊老汉
6:33 Feudal Age
7:13 Double-Bit Axe
7:10 Horse Collar
13:19 Castle Age
14:22 Bow Saw
14:13 Heavy Plow
15:29 Gold Mining
15:30 Stone Mining
19:13 Loom
19:14 Town Watch
20:38 Gold Shaft Mining
25:47 Imperial Age
24:15 Wheelbarrow
23:34 Man-at-Arms
23:34 Pikeman
24:08 Fletching
24:18 Padded Archer Armor
25:20 Bodkin Arrow
25:50 Paiks
26:10 Elite Elephant Archer
27:20 Hand Cart
28:25 Chemistry
28:25 Ballistics
29:34 Crop Rotation
30:07 Two-Man Saw
29:11 Bracer
29:26 Leather Archer Armor
32:34 Pikeman
33:15 Squires
33:00 Arson
34:02 Halberdier
39:50 Scale Barding Armor
39:47 Scale Mail Armor
39:57 Forging
40:49 Chain Mail Armor
42:46 Iron Casting
46:42 Blast Furnace
Srj
7:30 Feudal Age
6:34 Loom
11:38 Castle Age
10:04 Double-Bit Axe
10:00 Horse Collar
17:50 Scale Barding Armor
19:42 Bow Saw
21:21 Wheelbarrow
21:02 Heavy Plow
22:33 Chain Barding Armor
22:23 Forging
22:37 Bloodlines
23:40 Hand Cart
23:26 Husbandry
29:40 Imperial Age
27:02 Gold Mining
28:36 Iron Casting
29:26 Cavalier
30:43 Plate Barding Armor
30:55 Gold Shaft Mining
31:23 Two-Man Saw
30:17 Stone Mining
30:43 Town Watch
31:48 Crop Rotation
30:56 Savar
33:19 Blast Furnace
32:11 Pikeman
32:52 Squires
32:54 Scale Mail Armor
33:06 Halberdier
35:10 Chain Mail Armor
34:47 Fletching
35:22 Conscription
35:06 Kamandaran
37:08 Plate Mail Armor
37:06 Arson
36:46 Light Cavalry
38:59 Bodkin Arrow
39:04 Padded Archer Armor
41:58 Leather Archer Armor
41:42 Hussar
43:57 Ring Archer Armor
44:52 Crossbowman
Connection lost

Rejoining the realm…

Still unreachable

The connection could not be restored.

Session expired

The server has moved on; the page needs a fresh start.